 Dungeon Crawl Stone Soup version 0.19.0-22-gd96e5fe (webtiles) character file.

487 dobroeutro the Skirmisher (level 6, 0/52 HPs)
             Began as a Centaur Fighter on Nov 18, 2016.
             Slain by a sky beast (6 damage)
             ... on level 6 of the Dungeon.
             The game lasted 00:03:36 (3005 turns).

dobroeutro the Skirmisher (Centaur Fighter)         Turns: 3005, Time: 00:03:37

Health: 0/52       AC:  6    Str: 19    XL:     6   Next: 89%
Magic:  6/6        EV:  6    Int:  7    God:
Gold:   122        SH:  8    Dex: 10    Spells: 0 memorised, 5 levels left

rFire  . . .     SeeInvis .     a - +0 war axe
rCold  . . .     Gourm    .     b - +0 scale mail
rNeg   . . .     Faith    .     c - +0 shield
rPois  +         Spirit   .     (no helmet)
rElec  .         Reflect  .     (no cloak)
rCorr  .         Harm     .     (no gloves)
MR     .....                    (no barding)
Stlth  ..........               (no amulet)
                                (no ring)
                                e - ring of poison resistance

@: starving, very quick
A: hooves 3, deformed body, speed 2, tough skin 3
a: no special abilities


You were on level 6 of the Dungeon.
You were starving.

You visited 1 branch of the dungeon, and saw 7 of its levels.

You collected 122 gold pieces.

Inventory:

Hand Weapons
 a - a +0 war axe (weapon)
Armour
 b - a +0 scale mail (worn)
 c - a +0 shield (worn)
Jewellery
 e - a ring of poison resistance (left hand)
Wands
 k - a wand of random effects (7/48)
 m - a wand of iceblast (4/15)
Scrolls
 j - a scroll of amnesia {unknown}
 l - a scroll of enchant armour {unknown}
 n - 2 scrolls of enchant weapon {unknown}
Potions
 d - a potion of might
 g - a potion of heal wounds
 o - a potion of berserk rage {unknown}
 p - a potion of haste {unknown}
Comestibles
 f - 2 bread rations
 h - a fruit
 i - 2 meat rations
 q - a beef jerky


   Skills:
 + Level 4.2 Fighting
 + Level 4.1 Axes
 + Level 3.5 Armour
 + Level 1.3 Dodging
 + Level 0.2 Stealth
 + Level 2.9 Shields


You had 5 spell levels left.
You didn't know any spells.

Dungeon Overview and Level Annotations

Branches:
Dungeon (7/15)
 Temple: D:4-7

Altars:
Kikubaaqudgha
Ru
Uskayaw


Innate Abilities, Weirdness & Mutations

You have hooves in place of feet.
Armour fits poorly on your strangely shaped body.
You cover ground very quickly.
You have extremely tough skin. (AC +3)


Message History

The sky beast is charmed.
Evoking this partially-identified wand wasted a few charges.
You're too hungry to rest.
Really attack your sky beast? [Y]es or [N]o only, please.
Really attack your sky beast? [Y]es or [N]o only, please.
Really attack your sky beast? [Y]es or [N]o only, please.
Really attack your sky beast? [Y]es or [N]o only, please.
Really attack your sky beast? [Y]es or [N]o only, please.
Really attack your sky beast?
You hit your sky beast.
The sky beast is no longer charmed.
The sky beast is severely wounded.
The sky beast hits you.
* * * LOW HITPOINT WARNING * * *
The sky beast shocks you.
You die...

####### .......
.......###########
.......'.....Y@..#
.......#########.#
######### #.#
##.......#########.#
...)....>..........#
##.#####.###########
#.### #.####...#
#...# #........#
###.##########.#


You could see a sky beast.

Vanquished Creatures
  A centaur (D:5)
  A bullfrog (D:7)
  A scorpion (D:4)
  A crimson imp (D:5)
  A hound (D:6)
  A jelly (D:6)
  A bullfrog skeleton (D:6)
  An iguana (D:6)
  7 adders
  3 gnolls (D:6)
  An ooze (D:1)
  2 worms
  A dart slug (D:1)
  2 leopard geckos (D:1)
  2 orcs
  2 giant cockroaches
  5 goblins (D:1)
  5 hobgoblins
  2 jackals (D:1)
  4 kobolds
  2 quokkas
  5 bats
  2 frilled lizards
  4 rats
57 creatures vanquished.

Vanquished Creatures (others)
  A hound (D:4)
  2 worker ants (D:4)
  2 leopard geckos (D:4)
5 creatures vanquished.

Grand Total: 62 creatures vanquished

Notes
Turn   | Place    | Note
-------+----------+-------------------------------------------
     0 | D:1      | dobroeutro the Centaur Fighter began the quest for the Orb.
     0 | D:1      | Reached XP level 1. HP: 19/19 MP: 1/1
   180 | D:1      | Reached XP level 2. HP: 25/26 MP: 2/2
   436 | D:1      | Reached XP level 3. HP: 9/31 MP: 3/3
   959 | D:3      | Found a hide-covered altar of Uskayaw.
  1107 | D:4      | Reached XP level 4. HP: 7/39 MP: 4/4
  1502 | D:5      | Entered Level 5 of the Dungeon
  1502 | D:5      | Noticed a centaur
  1512 | D:5      | Killed a centaur
  1512 | D:5      | Reached skill level 1 in Dodging
  1512 | D:5      | Reached XP level 5. HP: 15/46 MP: 5/5
  1893 | D:5      | Found a sacrificial altar of Ru.
  1960 | D:7      | Noticed a phantom
  1960 | D:7      | Noticed an ogre
  1981 | D:6      | Found an ancient bone altar of Kikubaaqudgha.
  1998 | D:6      | Reached XP level 6. HP: 40/52 MP: 6/6
  2225 | D:7      | Noticed a hungry ghost
  2336 | D:7      | Noticed a hungry ghost
  2975 | D:6      | Noticed a sky beast
  3005 | D:6      | Slain by a sky beast

Skill      XL: |  1  2  3  4  5  6 |
---------------+-------------------+-----
Axes           | 2 3 4 |  4.1
Dodging        | 1 |  1.3
Armour         | 3 |  3.5
Fighting       | 4 |  4.2
Stealth        | |  0.2
Shields        | |  2.9

Action                   |  1- 3 |  4- 6 || total
-------------------------+-------+-------++-------
Melee: War axe           |   139 |   105 ||   244
       Kick              |    21 |    22 ||    43
Evoke: Wand              |       |     1 ||     1
  Use: Potion            |       |     1 ||     1
  Eat: Chunk             |       |     7 ||     7
Armor: Scale mail        |    87 |    66 ||   153
Dodge: Dodged            |    36 |    33 ||    69
Block: Shield            |    79 |    42 ||   121
